 Seeded DCSS version 0.29-a0-1047-g7c58e119a4 (webtiles) character file.

Game seed: 20220816 (custom seed)

105 flotson the Sneak (level 4, -1/33 HPs)
             Began as a Demonspawn Delver on Aug 16, 2022.
             Was a Follower of Hepliaklqana.
             Slain by Terence
             ... wielding a +0 flail
              (9 damage)
             ... on level 2 of the Dungeon.
             The game lasted 00:05:25 (2405 turns).

flotson the Sneak (Demonspawn Delver)               Turns: 2405, Time: 00:05:26

Health: -1/33      AC:  7    Str: 15    XL:     4   Next: 54%
Magic:  4/4        EV: 11    Int: 11    God:    Hepliaklqana [*.....]
Gold:   195        SH:  0    Dex: 14    Spells: 3/3 levels left

rFire   . . .      SeeInvis .   k - +0 hand axe
rCold   . . .      Faith    .   (no shield)
rNeg    + . .      Spirit   .   l - +0 ring mail
rPois   .          Reflect  .   (no helmet)
rElec   .          Harm     .   (no cloak)
rCorr   .          Rampage  .   (no gloves)
Will    .....                   (no boots)
Stlth   ++........              (no amulet)
HPRegen 0.11/turn               d - ring of positive energy
MPRegen 0.09/turn               (no ring)

@: no status effects
A: reduced essence, thin metallic scales 1
a: Renounce Religion, Recall Ancestor, Ancestor Identity


You were on level 2 of the Dungeon.
You worshipped Hepliaklqana.
Hepliaklqana was aware of your devotion.
You visited 1 branch of the dungeon, and saw 5 of its levels.

You collected 195 gold pieces.

Inventory:

Hand Weapons
 k - a +0 hand axe (weapon)
Armour
 l - a +0 ring mail (worn)
Jewellery
 d - a ring of positive energy (left hand)
Wands
 g - a wand of digging (3)
Scrolls
 c - a scroll of fog
 e - a scroll of fear
 f - 5 scrolls of teleportation {unknown}
 i - 2 scrolls of brand weapon {unknown}
 j - a scroll of enchant armour {unknown}
Potions
 a - 3 potions of heal wounds {unknown}
 b - a potion of attraction {unknown}
 h - 2 potions of might {unknown}
 n - a potion of curing {unknown}


   Skills:
 + Level 3.6 Fighting
 - Level 1.7 Axes
 + Level 1.6 Armour
 + Level 2.6 Dodging
 - Level 4.5 Stealth
 + Level 2.0 Evocations


You had 3 spell levels left.
You didn't know any spells.
Your spell library contained the following spells:

 Spells                   Type           Power      Damage    Failure   Level
 Apportation              Tloc           0%         N/A       56%         1
 Necrotise                Necr           0%         1d4       56%         1
 Summon Small Mammal      Summ           0%         N/A       56%         1
 Ozocubu's Armour         Ice            0%         N/A       90%         3
 Ozocubu's Refrigeration  Ice            0%         4d7       100%        7


Dungeon Overview and Level Annotations

Branches:
Dungeon (5/15)
 Temple: D:4-7

Altars:
Hepliaklqana

Shops:
D:5 =[

Annotations:
D:2 Terence
D:4 Blork the orc
D:5 Pikel


Innate Abilities, Weirdness & Mutations

Your life essence is reduced to manifest your ancestor. (-10% HP)
You are partially covered in thin metallic scales. (AC +2)


Message History

Terence is lightly wounded.
Terence hits you with a +0 flail.
Unknown command.
You barely miss Terence.
Terence is lightly wounded.
Terence barely misses you. Terence hits you with a +0 flail.
Unknown command.
You hit Terence but do no damage.
Terence is lightly wounded.
Terence hits you with a +0 flail.
Unknown command.
You hit Terence but do no damage.
Terence is lightly wounded.
Terence closely misses you.
You hit Terence but do no damage.
Terence is lightly wounded.
Terence closely misses you.
You closely miss Terence.
Terence is lightly wounded.
Terence hits you but does no damage. Terence closely misses you.
You hit Terence but do no damage.
Terence is lightly wounded.
Terence closely misses you.
You hit Terence.
Terence is moderately wounded.
Terence barely misses you.
You hit Terence.
Terence is heavily wounded.
Terence hits you with a +0 flail!
You hit Terence.
Terence is heavily wounded.
Terence misses you. Terence barely misses you.
You hit Terence.
Terence is severely wounded.
Terence hits you with a +0 flail!
* * * LOW HITPOINT WARNING * * *
Terence attacks as you move away! Terence barely misses you.
There is an open door here.
Terence attacks as you move away! Terence hits you with a +0 flail!
You die...

############## # #.......)....#
##.######## #............#
.......(... #............#
#.wb.......
######.......[....#####...R......
.....'..........@......w.....><..
######......†...)@###########.b..
.....'.....†......'.............#
######............##............#
###############.......(..#.#
#............. #............#
#?............ #.....?...


You could see Terence (resistant) and a worm (wandering).

Vanquished Creatures
  A hound (D:5)
  A dart slug (D:1)
  3 orcs (D:3)
  3 ball pythons
  3 endoplasms
  3 goblins
  4 hobgoblins
  5 jackals (D:1)
  3 quokkas
  A frilled lizard (D:2)
  2 kobolds
  3 rats
32 creatures vanquished.

Vanquished Creatures (collateral kills)
  An adder (D:3)
  3 dart slugs
  3 orcs (D:3)
  A ball python (D:2)
  An endoplasm (D:1)
  A goblin (D:1)
  2 jackals (D:1)
  A quokka (D:2)
  2 frilled lizards
  2 rats
17 creatures vanquished.

Vanquished Creatures (others)
  2 ancestors
2 creatures vanquished.

Grand Total: 51 creatures vanquished

Notes
Turn   | Place    | Note
-------+----------+-------------------------------------------
     0 | D:5      | flotson the Demonspawn Delver began the quest for the Orb.
     0 | D:5      | Reached XP level 1. HP: 18/18 MP: 1/1
    39 | D:5      | Found Ucoturch's Armour Shop.
    51 | D:5      | Noticed a hound
    61 | D:5      | Found Ycur's Jewellery Shoppe.
    74 | D:5      | Killed a hound
    75 | D:5      | Reached skill level 1 in Armour
    75 | D:5      | Reached skill level 1 in Evocations
    75 | D:5      | Gained mutation: You are partially covered in thin metallic
                  | scales. (AC +2) [demonic ancestry]
    75 | D:5      | Reached XP level 2. HP: 7/24 MP: 2/2
   303 | D:5      | Noticed a lemure
   305 | D:5      | Noticed a lemure
   305 | D:5      | Noticed a lemure
   305 | D:5      | Noticed Pikel
   340 | D:4      | Noticed a scorpion
   345 | D:4      | Reached XP level 3. HP: 25/29 MP: 3/3
   355 | D:4      | Noticed Blork the orc
   386 | D:4      | Noticed a kobold brigand
   711 | D:3      | Found a faded altar of an unknown god.
   936 | D:3      | Prayed at the altar of an unknown god.
   936 | D:3      | Became a worshipper of Hepliaklqana the Forgotten
   936 | D:3      | Reached * piety under Hepliaklqana
  1548 | D:1      | Reached XP level 4. HP: 31/31 MP: 4/4
  2377 | D:2      | Noticed Terence
  2405 | D:2      | Slain by Terence

Illustrated notes

Levels and vault maps discovered:
D:1:      dpeg_arrival_renting, layout_rooms
D:2:      layout_basic, chequers_decorated_corner, uniq_jessica,
          uniq_crazy_yiuf_cottage, uniq_terence, uniq_sigmund
D:3:      layout_loops_ring, hellmonk_ecumenical_altar_pennies_from_heaven,
          uniq_natasha
D:4:      layout_basic, uniq_blork_the_orc
D:5:      layout_layer_cave, serial_shops, nicolae_diamond_shop, shop,
          nicolae_diamond_shop, shop, shop_statue, uniq_edmund, uniq_pikel,
          uniq_menkaure, uniq_grinder

Skill      XL: |  1  2  3  4 |
---------------+-------------+-----
Armour         | 1 |  1.6
Dodging        | 2 |  2.6
Evocations     | 1 2 |  2.0
Fighting       | |  3.6
Axes           | |  1.7
Stealth        | |  4.5

Action                   |  1- 3 |  4- 6 || total
-------------------------+-------+-------++-------
Melee: Hand axe          |    84 |    76 ||   160
Throw: Dart              |       |     4 ||     4
Invok: Recall Ancestor   |     1 |       ||     1
  Use: Potion            |     1 |       ||     1
       Scroll            |     2 |       ||     2
 Stab: Sleeping          |     1 |     4 ||     5
Armor: Leather armour    |    16 |       ||    16
       Ring mail         |    23 |    36 ||    59
Dodge: Dodged            |    67 |    47 ||   114

Table legend: (Time is in decaauts)
 A = Elapsed time spent in this place.
 B = Non-inter-level travel time spent in this place.
 C = Inter-level travel time spent in this place.
 D = Time resting spent in this place.
 E = Time spent auto-exploring this place.
 F = Levels seen in this place.
 G = Mean time per level.
                   A        B        C        D        E       F      G
               +--------+--------+--------+--------+--------+-----+--------+
         Total |   2425 |   2363 |     62 |    179 |   1696 |   5 |  485.0 |
       Dungeon |   2425 |   2363 |     62 |    179 |   1696 |   5 |  485.0 |
               +--------+--------+--------+--------+--------+-----+--------+

Top non-repeatable levels by time:
     D:3: 1017 daAuts
     D:1: 776 daAuts
     D:5: 294 daAuts
     D:2: 258 daAuts
     D:4: 79 daAuts
